 Dungeon Crawl Stone Soup version 0.27-a0-1140-g099f9bb0e8 (webtiles) character file.

Game seed: 17855497489027787617

4627 Armakuni the Carver (level 10, -5/79 HPs)
             Began as a Human Artificer on May 8, 2021.
             Was an Initiate of Gozag.
             Slain by an orc warrior
             ... wielding a +0 battleaxe
              (8 damage)
             ... on level 7 of the Dungeon.
             The game lasted 00:16:10 (10862 turns).

Armakuni the Carver (Human Artificer)              Turns: 10862, Time: 00:16:11

Health: -5/79      AC: 12    Str: 14    XL:     10   Next: 70%
Magic:  19/19      EV: 11    Int: 14    God:    Gozag
Gold:   979        SH:  0    Dex: 13    Spells: 9/9 levels left

rFire    . . .     SeeInvis .   a - +0 demon blade (elec)
rCold    . . .     Faith    .   (no shield)
rNeg     . . .     Spirit   .   t - +0 scale mail
rPois    .         Reflect  .   (no helmet)
rElec    +         Harm     .   b - +0 cloak
rCorr    .         Rampage  .   n - +0 pair of gloves
Will     .....                  q - +1 pair of boots
Stlth    +.........             (no amulet)
HPRegen  0.23/turn              P - ring of magical power
MPRegen  0.16/turn              (no ring)

@: gold aura
A: claws 1, camouflage 1, electricity resistance, MP-powered wands
a: Renounce Religion, Potion Petition, Call Merchant, Bribe Branch


You were on level 7 of the Dungeon.
You worshipped Gozag.
Gozag was pleased with you.
You visited 2 branches of the dungeon, and saw 8 of its levels.
You also visited: Sewer.

You collected 1453 gold pieces.
You spent 450 gold pieces at shops.
You paid 24 gold pieces to Gozag.

Inventory:

Hand Weapons
 a - a +0 demon blade of electrocution (weapon)
Missiles
 l - 2 boomerangs of dispersal
Armour
 b - a +0 cloak (worn)
 k - a +1 chain mail of fire resistance
 n - a +0 pair of gloves (worn)
 q - a +1 pair of boots (worn)
 t - a +0 scale mail (worn)
Jewellery
 P - a ring of magical power (left hand)
Wands
 c - a wand of charming (9)
 f - a wand of flame (21) (quivered)
 g - a wand of paralysis (1)
 m - a wand of mindburst (2)
 s - a wand of acid (1)
 y - a wand of digging (5)
Scrolls
 h - 8 scrolls of teleportation
 j - 2 scrolls of fog
 o - 3 scrolls of fear
 u - 2 scrolls of magic mapping
 x - a scroll of amnesia
Potions
 i - a potion of curing
 p - 2 potions of lignification
 v - a potion of heal wounds
 w - 2 potions of magic
 z - a potion of berserk rage
 A - 3 potions of haste
 B - a potion of cancellation
 C - a potion of invisibility
Miscellaneous
 e - a piece from Xom's chessboard (15/15)


   Skills:
 - Level 7.5 Fighting
 + Level 9.0 Long Blades
 - Level 1.2 Maces & Flails
 - Level 5.0 Armour
 - Level 5.0 Dodging
 - Level 1.0 Stealth
 - Level 6.9 Evocations


You had 9 spell levels left.
You didn't know any spells.
Your spell library contained the following spells:

 Spells                   Type           Power      Damage    Failure   Level
 Foxfire                  Conj/Fire      0%         2x1d4     73%         1
 Conjure Flame            Conj/Fire      0%         6-21      97%         3
 Inner Flame              Hex/Fire       0%         N/A       97%         3
 Sticky Flame             Conj/Fire      0%         2d3       100%        4
 Fireball                 Conj/Fire      0%         3d3       100%        5


Dungeon Overview and Level Annotations

Branches:
Dungeon (7/15)             Temple (1/1) D:4           Sewer (visited)

Altars:
Ashenzari
Cheibriados
Dithmenos
Elyvilon
Gozag
Hepliaklqana
Kikubaaqudgha
Makhleb
Nemelex Xobeh
Okawaru
Qazlal
Ru
Trog
Uskayaw
Wu Jian
Xom
Yredelemnul
Zin
The Shining One

Shops:
D:3 =   D:6 (


Innate Abilities, Weirdness & Mutations

You have sharp fingernails.
Your skin changes colour to match your surroundings (Stealth+).
You are resistant to electric shocks. (rElec)
You expend magic power (3 MP) to strengthen your wands.


Message History

You slash the killer bee!
Lightning courses through the killer bee!
You kill the killer bee!
You feel sick. The killer bee barely misses you.
You riposte.
You closely miss the killer bee. You slash the killer bee!
The killer bee is heavily wounded.
You feel sick.
The killer bee becomes distracted by the nearby gold, dreaming of imaginary riches.
You catch the helpless killer bee completely off-guard!
You slash the killer bee!
You kill the killer bee!
You feel sick.
The orc warrior becomes distracted by the nearby gold, dreaming of imaginary riches.
You miss the killer bee.
You feel sick.
The orc warrior is no longer distracted by gold.
The killer bee stings you but does no damage. x2
You barely miss the killer bee.
You feel sick. The killer bee barely misses you. The killer bee stings you.
* * * LOW HITPOINT WARNING * * *
An orc comes into view. It is wielding a +0 war axe.
You hit the killer bee but do no damage.
Lightning courses through the killer bee!!
You kill the killer bee!
You feel sick.
Your Long Blades skill increases to level 9!
You feel sick.
The orc warrior hits you with a +0 battleaxe!
* * * LOW HITPOINT WARNING * * *
The orc becomes distracted by the nearby gold, dreaming of imaginary riches.
The orc shouts!
You see here 41 gold pieces.
You hit the orc warrior but do no damage.
You feel sick.
You are no longer poisoned.
The orc warrior barely misses you.
You barely miss the orc warrior.
The orc warrior hits you with a +0 battleaxe!
You die...
Your body crumbles into a pile of gold.

#. ##.#....# # #.
#.......#
#.#.#####.#.....#
###.#.#....)#....##
+.......######<#..##
#.#.#..## #..#...#
##.# #.##.#.# $ #.#
#.##.#.# #@#
#.##.#.# #o#
####.#.## #o# #
#.#..# #o# #≈#.##.#
... #≈#..#.# #..
#≈#....# ###
#####.## #.# ###


You could see an orc warrior and 2 orcs.

Vanquished Creatures
  A manticore (D:6)
  A freezing wraith (D:6)
  2 trolls (D:6)
  A hornet (D:5)
  A slime creature (D:6)
  A wraith (D:6)
  A steam dragon (D:6)
  An acid dragon (D:6)
  Duvessa (D:4)
  2 water moccasins (D:6)
  2 orc warriors
  An ogre (D:6)
  A sky beast (D:5)
  5 black bears
  A bullfrog (D:7)
  A gnoll sergeant (D:6)
  A scorpion (D:6)
  Dowan (D:4)
  A wyvern skeleton (D:6)
  A water moccasin skeleton (D:4)
  6 killer bees (D:7)
  A bullfrog zombie (D:6)
  3 centaur zombies (D:6)
  3 hounds (D:6)
  2 gnoll shamans (D:5)
  Ijyb (D:5)
  A jelly (D:6)
  A bullfrog skeleton (D:5)
  Terence (D:3)
  Natasha (thrice) (D:3)
  8 iguanas
  An orc wizard (D:6)
  A hound zombie (D:5)
  A howler monkey zombie (D:7)
  16 gnolls
  11 adders
  A river rat (D:6)
  A white imp (D:6)
  An ufetubus (D:6)
  An adder skeleton (D:4)
  5 worms
  2 dart slugs (D:1)
  9 orcs
  6 endoplasms
  8 giant cockroaches
  3 goblins
  3 hobgoblins
  9 jackals
  3 kobolds
  4 quokkas
  6 ball pythons
  14 bats
  3 frilled lizards
  5 rats
171 creatures vanquished.

Vanquished Creatures (collateral kills)
  2 gnolls (D:6)
2 creatures vanquished.

Vanquished Creatures (others)
  An iguana (D:5)
1 creature vanquished.

Grand Total: 174 creatures vanquished

Notes
Turn   | Place    | Note
-------+----------+-------------------------------------------
     0 | D:1      | Armakuni the Human Artificer began the quest for the Orb.
     0 | D:1      | Reached XP level 1. HP: 15/15 MP: 1/1
   584 | D:1      | Reached skill level 1 in Maces & Flails
   584 | D:1      | Reached XP level 2. HP: 21/21 MP: 2/2
   727 | D:1      | Found a faded altar of an unknown god.
  1158 | D:2      | Reached XP level 3. HP: 8/28 MP: 3/3
  2041 | D:3      | Gained mutation: You expend magic power (3 MP) to
                  | strengthen your wands. [potion of mutation]
  2041 | D:3      | Gained mutation: You are resistant to electric shocks.
                  | (rElec) [potion of mutation]
  2041 | D:3      | Gained mutation: Your skin changes colour to match your
                  | surroundings (Stealth+). [potion of mutation]
  2041 | D:3      | Gained mutation: You have sharp fingernails. [potion of
                  | mutation]
  2084 | D:3      | Noticed Terence
  2334 | D:3      | Killed Terence
  2335 | D:3      | Reached XP level 4. HP: 13/36 MP: 4/4
  2707 | D:3      | Reached XP level 5. HP: 18/42 MP: 5/5
  3004 | D:3      | Found Vycywoel's Jewellery Boutique.
  3138 | D:3      | Noticed Natasha
  3146 | D:3      | Killed Natasha
  3160 | D:3      | Noticed Natasha
  3186 | D:3      | Killed Natasha
  3391 | D:3      | Noticed Natasha
  3403 | D:3      | Killed Natasha
  3404 | D:3      | Reached skill level 5 in Fighting
  3404 | D:3      | Reached XP level 6. HP: 19/51 MP: 6/6
  4011 | D:4      | Identified the +5 falchion of the Living Dead {vorpal,
                  | +Blink rC+++ rN+ Str-2}
  4080 | D:4      | Noticed Duvessa
  4082 | D:4      | Noticed Dowan
  4094 | D:4      | Killed Duvessa
  4096 | D:4      | Killed Dowan
  4097 | D:4      | Reached skill level 5 in Evocations
  4097 | D:4      | Reached XP level 7. HP: 38/56 MP: 0/7
  4214 | D:4      | Found a staircase to the Ecumenical Temple.
  4227 | Temple   | Entered the Ecumenical Temple
  4596 | Temple   | Became a worshipper of Gozag Ym Sagoz the Greedy
  5550 | D:5      | Entered Level 5 of the Dungeon
  5936 | D:5      | Noticed Ijyb
  5939 | D:5      | Killed Ijyb
  5940 | D:5      | Reached XP level 8. HP: 62/62 MP: 7/8
  7132 | D:5      | Reached skill level 5 in Armour
  7201 | D:5      | Noticed a hornet
  7212 | D:5      | Killed a hornet
  7213 | D:5      | Reached skill level 5 in Dodging
  7600 | D:5      | Reached XP level 9. HP: 69/69 MP: 9/9
  8660 | D:6      | Found a glowing drain.
  8693 | Sewer    | Entered a sewer
  9559 | D:6      | Found Pidoneaqo's Antique Weapon Shop.
  9563 | D:6      | Bought a runed demon blade for 450 gold pieces
  9779 | D:6      | Reached skill level 1 in Long Blades
  9986 | D:6      | Found a shadowy altar of Dithmenos.
 10007 | D:6      | Reached skill level 2 in Long Blades
 10340 | D:6      | Noticed a manticore
 10340 | D:6      | Noticed a troll
 10340 | D:6      | Noticed a freezing wraith
 10345 | D:6      | Noticed a slime creature
 10346 | D:6      | Killed a manticore
 10347 | D:6      | Reached skill level 4 in Long Blades
 10347 | D:6      | Reached XP level 10. HP: 79/79 MP: 10/10
 10348 | D:6      | Reached skill level 5 in Long Blades
 10352 | D:6      | Reached skill level 6 in Long Blades
 10356 | D:6      | Killed a freezing wraith
 10357 | D:6      | Reached skill level 7 in Long Blades
 10701 | D:6      | Reached skill level 8 in Long Blades
 10860 | D:7      | Reached skill level 9 in Long Blades
 10861 | D:7      | HP: 3/79 [poisoned by a killer bee]
 10862 | D:7      | Slain by an orc warrior

Illustrated notes

Levels and vault maps discovered:
D:1:      dpeg_arrival_long_road, layout_loops_ring,
          hellmonk_ecumenical_altar_run_dry, minmay_splitting_lines,
          hangedman_decor_clover_reticule, minmay_statues_item
D:2:      layout_basic, chequers_decorated_corner
D:3:      layout_loops_ring, serial_shops, shop, serial_park_tiny_2,
          uniq_natasha, uniq_terence
D:4:      layout_loops_corners, minmay_temple_entry_gardened_gates, uniq_duvessa
D:5:      minmay_razor_zed, layout_layer_cave, minmay_circle_x, uniq_ijyb
D:6:      minmay_klotski, layout_gridville, kennysheep_mini_moat, serial_shops,
          nicolae_shop_behind_doors, portal_sewer_entry_b
D:7:      layout_rooms, vehumet_statue, serial_shops, kennysheep_mini,
          serial_aquarium, aquarium_bridge_square [aquarium_subvault_wall,
          aquarium_subvault_bridge, aquarium_subvault_wall,
          aquarium_subvault_window], aquarium_window_fake,
          aquarium_window_corridor_3, aquarium_view_2b, aquarium_view_2e
Temple:   hc_temple_tempest_star

Skill      XL: |  1  2  3  4  5  6  7  8  9 10 |
---------------+-------------------------------+-----
Maces & Flails | 1 |  1.2
Fighting       | 2 3 4 5 6 7 |  7.5
Evocations     | 5 6 |  6.9
Dodging        | 3 5 |  5.0
Armour         | 3 5 |  5.0
Long Blades    | 4 9 |  9.0
Stealth        | |  1.0

Action                   |  1- 3 |  4- 6 |  7- 9 | 10-12 || total
-------------------------+-------+-------+-------+-------++-------
Melee: Club              |     8 |       |       |       ||     8
       Spear             |    72 |    94 |   307 |       ||   473
       Unarmed           |       |    13 |       |       ||    13
       Falchion          |       |     2 |    27 |       ||    29
       Demon blade       |       |       |    36 |    80 ||   116
Evoke: Wand              |     4 |    12 |    50 |     9 ||    75
       Piece from Xom's  |     1 |     1 |       |       ||     2
  Use: Potion            |     3 |       |     2 |       ||     5
       Scroll            |       |     5 |    10 |     1 ||    16
 Stab: Sleeping          |     1 |     6 |     5 |       ||    12
       Paralysed         |       |       |    38 |       ||    38
       Distracted        |       |       |       |     1 ||     1
Armor: Leather armour    |    21 |    11 |    35 |       ||    67
       Skin              |       |     1 |       |       ||     1
       Scale mail        |       |       |   151 |    47 ||   198
Dodge: Dodged            |    52 |    52 |   242 |    48 ||   394
       Rpst.: Falchion   |       |       |     6 |       ||     6
       Demon blade       |       |       |     3 |    17 ||    20

Table legend: (Time is in decaauts)
 A = Elapsed time spent in this place.
 B = Non-inter-level travel time spent in this place.
 C = Inter-level travel time spent in this place.
 D = Time resting spent in this place.
 E = Time spent auto-exploring this place.
 F = Levels seen in this place.
 G = Mean time per level.
                   A        B        C        D        E       F      G
               +--------+--------+--------+--------+--------+-----+--------+
         Total |  11051 |  10742 |    309 |   2107 |   6759 |   9 | 1227.9 |
       Dungeon |   9908 |   9650 |    258 |   2107 |   5944 |   7 | 1415.4 |
        Temple |    425 |    374 |     51 |      0 |    366 |   1 |  425.0 |
         Sewer |    717 |    717 |      0 |      0 |    449 |   1 |  717.0 |
               +--------+--------+--------+--------+--------+-----+--------+

Top non-repeatable levels by time:
     D:5: 2422 daAuts
     D:6: 2197 daAuts
     D:3: 1927 daAuts
     D:4: 1307 daAuts
     D:1: 972 daAuts
     D:2: 963 daAuts
   Sewer: 717 daAuts
  Temple: 425 daAuts
     D:7: 119 daAuts
